 Dungeon Crawl Stone Soup version 0.24-a0-789-g35933f4585 (webtiles) character file.

Game seed: 3685954055700154987, levelgen mode: deterministic

445 CryoSword the Digger (level 7, -4/40 HPs)
             Began as a Gargoyle Earth Elementalist on Oct 9, 2019.
             Was an Initiate of Dithmenos.
             Slain by an orc warrior
             ... wielding a +0 dire flail
              (16 damage)
             ... on level 4 of the Dungeon on Oct 10, 2019.
             The game lasted 00:19:28 (5192 turns).

CryoSword the Digger (Gargoyle Earth Elementalist)  Turns: 5192, Time: 00:19:28

Health: -4/40      AC:  8    Str: 11    XL:     7   Next: 3%
Magic:  11/11      EV: 12    Int: 17    God:    Dithmenos [......]
Gold:   271        SH:  0    Dex: 11    Spells: 6/12 levels left

rFire    . . .     SeeInvis .   g - +3 halberd (protect)
rCold    + . .     Gourm    .   (shield currently unavailable)
rNeg     + . .     Faith    .   c - +1 robe
rPois    ∞         Spirit   .   (no helmet)
rElec    +         Reflect  .   (no cloak)
rCorr    .         Harm     .   (no gloves)
MR       .....                  i - +0 pair of boots
Stlth    +++.......             o - amulet of regeneration
HPRegen  0.53/turn              q - ring of protection from cold
MPRegen  0.12/turn              (no ring)

@: no status effects
A: negative energy resistance 1, electricity resistance, unbreathing,
petrification resistance, rot immunity, AC +4
a: Renounce Religion


You were on level 4 of the Dungeon.
You worshipped Dithmenos.
Dithmenos was noncommittal.
You were not hungry.

You visited 2 branches of the dungeon, and saw 5 of its levels.

You collected 271 gold pieces.

Inventory:

Hand Weapons
 g - a +3 halberd of protection (weapon)
   (You took it off a gnoll on level 4 of the Dungeon)
 p - a +0 flail
   (You took it off an orc on level 3 of the Dungeon)
 v - a +0 dagger of flaming
   (You took it off a goblin on level 4 of the Dungeon)
Missiles
 b - 107 stones
 n - 14 poisoned darts (quivered)
Armour
 c - a +1 robe (worn)
 i - a +0 pair of boots (worn)
   (You found it on level 3 of the Dungeon)
Jewellery
 f - an uncursed ring of fire
   (You found it on level 2 of the Dungeon)
 j - an uncursed ring of fire
   (You found it on level 1 of the Dungeon)
 l - an uncursed amulet of the acrobat
   (You found it on level 1 of the Dungeon)
 o - an amulet of regeneration (around neck)
   (You found it on level 3 of the Dungeon)
 q - a ring of protection from cold (left hand)
   (You found it on level 4 of the Dungeon)
 s - a +3 amulet of reflection
   (You found it on level 4 of the Dungeon)
 t - an uncursed ring of ice {unknown}
   (You found it on level 4 of the Dungeon)
Scrolls
 e - 3 scrolls of identify {@r1}
 h - 2 scrolls of fog {unknown}
 m - a scroll of blinking {unknown}
 r - a scroll of teleportation {@r4}
Potions
 a - a potion of flight
 k - 2 potions of haste {@q3}
Comestibles
 d - 7 rations {!d}
 u - 7 chunks of flesh


   Skills:
 + Level 2.7 Fighting
 - Level 1.5 Dodging
 + Level 4.4 Stealth
 - Level 3.0 Spellcasting
 + Level 2.6 Conjurations
 - Level 0.7 Transmutations
 - Level 6.1 Earth Magic


You had 6 spell levels left.
You knew the following spells:

 Your Spells              Type           Power        Failure   Level  Hunger
a - Sandblast             Erth           ###...       1%          1    None
b - Passwall              Tmut/Erth      ##......     6%          2    ##.....
c - Stone Arrow           Conj/Erth      ###...       9%          3    ###....

Your spell library contained the following spells:

 Spells                   Type           Power        Failure   Level  Hunger
 Lee's Rapid Deconstruct  Erth           ###.......   36%         5    ######.
 Petrify                  Tmut/Erth      ##......     38%         4    ####...


Dungeon Overview and Level Annotations

Branches:
Dungeon (4/15)             Temple (1/1) D:4

Altars:
Cheibriados
Dithmenos
Elyvilon
Fedhas
Gozag
Hepliaklqana
Kikubaaqudgha
Makhleb
Nemelex Xobeh
Okawaru
Qazlal
Ru
Sif Muna
Trog
Uskayaw
Vehumet
Xom
Yredelemnul
The Shining One


Innate Abilities, Weirdness & Mutations

You are resistant to torment.
Your stone body is resilient. (AC +4)
You are immune to poison.
You resist negative energy. (rN+)
You are resistant to electric shocks. (rElec)
You can survive without breathing.
You are immune to petrification.
You are immune to rotting.


Message History

Robin is moderately wounded.
Robin says, "A pitiful Gargoyle like you will never find the ORB!"
Robin hits you with a +0 falchion. Robin hits you but does no damage.
You completely miss Robin.
Robin is moderately wounded.
Robin closely misses you. Robin completely misses you.
You barely miss Robin.
Robin is moderately wounded.
Robin barely misses you. Robin completely misses you.
You thump Robin!
You kill Robin!
Dithmenos accepts your kill.
Items here: )) [[ a +0 falchion; a +0 animal skin; a +0 helmet; a +0 spear
Items here: )))) ÷÷÷
There is a stone staircase leading up here.
Items here: ))) † a +0 dagger x2; a +0 dagger of flaming; a goblin corpse You butcher the goblin corpse.
u - 7 chunks of flesh (gained 2)
There is a stone staircase leading up here.
Items here: ))) ÷ a +0 dagger x2; a +0 dagger of flaming; a goblin skeleton There isn't anything to butcher here.
v - a +0 dagger of flaming Drop what? 22/52 slots (_ for help) (? for menu, Esc to quit)
You drop a +0 dagger.
Search for what [Enter for "armour", or ? for help]? weapon
Items here: )))) ÷÷÷
Items here: )) [[ a +0 falchion; a +0 animal skin; a +0 helmet; a +0 spear
Things that are here:
a +0 spear; a +0 halberd The goblin hits you but does no damage.
You see here a +3 halberd of protection.
g - a +3 halberd of protection The goblin closely misses you.
You hit the goblin.
The goblin is heavily wounded.
The goblin hits you but does no damage.
You sock the goblin!
You kill the goblin!
Dithmenos accepts your kill.
Things that are here:
a +0 dagger of flaming; a goblin corpse You butcher the goblin corpse.
u - 8 chunks of flesh (gained 1)
Things that are here:
a +0 dagger of flaming; a goblin skeleton Your +3 halberd of protection hums with potential!
g - a +3 halberd of protection (weapon)
Eating one of 8 chunks of flesh.
You eat one of the 8 chunks of flesh.
This raw flesh tastes terrible.
Things that are here:
a +0 dagger of flaming; a goblin skeleton
d - 7 rations {!d} (gained 1)
b - 107 stones (gained 14)
An orc and an orc priest come into view.
Found a ration.
The orc shouts!
You hear a shout! x2
The orc throws a boomerang.
The boomerang misses you.
The weapon returns to the orc!
The orc priest shouts!
Attack whom?
Press: ? - help, Dir - move target cursor, f - orc
Aim: an orc, wearing a +0 leather armour You reach to attack!
You slash the orc priest!
Your weapon exudes an aura of protection.
The orc priest is almost dead.
An orc warrior comes into view. It is wielding a +0 dire flail.
The orc throws a boomerang.
The boomerang misses you.
The weapon returns to the orc!
You hit the orc priest.
The orc priest is almost dead.
An orc comes into view. It is wielding a +0 club.
The orc priest closely misses you.
You closely miss the orc priest.
The orc priest is almost dead.
The orc closely misses you. x2
The orc priest calls down the wrath of Beogh upon you.
Beogh smites you!
You barely miss the orc warrior.
The orc priest calls down the wrath of Beogh upon you.
Beogh smites you! The orc warrior closely misses you.
You are too injured to fight recklessly!
You are too injured to fight recklessly!
The orc throws a boomerang.
The boomerang barely misses you.
The weapon returns to the orc!
The orc throws a boomerang.
The boomerang misses you.
The weapon returns to the orc!
The orc throws a boomerang.
The boomerang hits you but does no damage.
The orc priest mumbles some strange prayers to Beogh against you.
Beogh smites you!
* * * LOW HITPOINT WARNING * * *
The orc priest mumbles some strange prayers to Beogh against you.
Beogh smites you!
* * * LOW HITPOINT WARNING * * *
The orc warrior hits you with a +0 dire flail!
You die...

#
#.##.#.#.######o#.#..###
# #....#.#.# #.o.o.....#
# ######.#o# #o##.#....#
#############o#.#
#.##%.....#
..............#o#
#.#####.....
#############.#.###.#
..#### #o#...o.# ..#
#.####### .# #.##@#
#.oo.# #.##.# #.##.#
######


You could see an orc warrior and an orc.

Vanquished Creatures
  A phantom (D:4)
  A black bear (D:3)
  A hound (D:4)
  A gnoll shaman (D:3)
  Robin (D:4)
  4 gnolls (D:4)
  6 adders
  An ooze (D:2)
  2 worms (D:3)
  2 leopard geckos
  3 orcs (D:3)
  9 bats
  8 giant cockroaches
  16 goblins
  6 hobgoblins
  6 jackals
  4 kobolds
  A quokka (D:2)
  3 frilled lizards
  A quokka skeleton (D:4)
  7 rats
84 creatures vanquished.

Notes
Turn   | Place    | Note
-------+----------+-------------------------------------------
     0 | D:1      | CryoSword the Gargoyle Earth Elementalist began the quest
                  | for the Orb.
     0 | D:1      | Reached XP level 1. HP: 10/10 MP: 3/3
   130 | D:1      | Found a shimmering altar of Xom.
   243 | D:1      | Reached XP level 2. HP: 13/15 MP: 3/5
   287 | D:1      | Reached skill level 4 in Earth Magic
   900 | D:2      | Reached XP level 3. HP: 12/19 MP: 3/6
  1497 | D:2      | Learned a level 2 spell: Passwall
  1501 | D:2      | Learned a level 3 spell: Stone Arrow
  1653 | D:2      | Reached XP level 4. HP: 24/24 MP: 2/7
  1667 | D:2      | Upgraded the game from 0.24-a0-784-g601f8f6d22 to
                  | 0.24-a0-789-g35933f4585
  2681 | D:3      | Reached skill level 5 in Earth Magic
  2753 | D:3      | Reached skill level 1 in Fighting
  2874 | D:3      | Noticed a black bear
  2979 | D:3      | Killed a black bear
  2979 | D:3      | Reached skill level 1 in Conjurations
  2979 | D:3      | Reached XP level 5. HP: 29/29 MP: 3/9
  3719 | D:3      | Reached XP level 6. HP: 34/35 MP: 10/10
  4182 | D:4      | Noticed a phantom
  4196 | D:4      | Killed a phantom
  4196 | D:4      | Reached skill level 6 in Earth Magic
  4317 | D:4      | Found a bloodstained altar of Trog.
  4618 | D:4      | Found a staircase to the Ecumenical Temple.
  4681 | Temple   | Entered the Ecumenical Temple
  4714 | Temple   | Became a worshipper of Dithmenos the Shadowed
  4928 | D:4      | Noticed Robin
  5045 | D:4      | Reached XP level 7. HP: 34/40 MP: 11/11
  5053 | D:4      | Killed Robin
  5192 | D:4      | Slain by an orc warrior

Levels and vault maps discovered:
D:1:      onia_arrival_pyramid, layout_basic, xom_teletrap_fun
D:2:      layout_basic
D:3:      layout_basic, hangedman_decor_push, minivault_25
D:4:      layout_basic, lemuel_crystal_altar, minmay_temple_entry_antechambers,
          uniq_robin
Temple:   compressed_dpeg_circular_temple

Skill      XL: |  1  2  3  4  5  6 |
---------------+-------------------+-----
Earth Magic    | 4 5 6 |  6.1
Stealth        | 3 4 |  4.4
Fighting       | 1 2 |  2.7
Conjurations   | 1 2 |  2.6
Spellcasting   | 3 |  3.0
Dodging        | |  1.5
Transmutations | |  0.7

Action                   |  1- 3 |  4- 6 |  7- 9 || total
-------------------------+-------+-------+-------++-------
Melee: Unarmed           |     5 |       |       ||     5
       Dagger            |    58 |   134 |       ||   192
       Flail             |       |    41 |    10 ||    51
       Halberd           |       |       |     4 ||     4
Throw: Dart              |       |     1 |       ||     1
 Cast: Sandblast         |    30 |    49 |       ||    79
       Stone Arrow       |       |     9 |       ||     9
  Use: Scroll            |     1 |     5 |       ||     6
 Stab: Sleeping          |     6 |     6 |       ||    12
  Eat: Chunk             |     2 |    12 |     1 ||    15
Armor: Robe              |    31 |    95 |     9 ||   135
Dodge: Dodged            |    62 |   136 |    19 ||   217

Table legend:
 A = Non-vault XP
 B = Vault XP
 C = Vault XP percentage of total XP
 D = Non-vault monster count
 E = Vault monster count
 F = Vault count percentage of total count
                 A         B        C        D         E       F
            +---------+---------+-------+---------+---------+-------
      Total |     603 |      33 |   5.2 |      74 |      10 |  11.9
            +---------+---------+-------+---------+---------+-------
        D:1 |      34 |       0 |   0.0 |      19 |       0 |   0.0
        D:2 |      70 |       0 |   0.0 |      17 |       0 |   0.0
        D:3 |     257 |       0 |   0.0 |      29 |       0 |   0.0
        D:4 |     242 |      33 |  12.0 |       9 |      10 |  52.6
            +---------+---------+-------+---------+---------+-------
